Map: Oceanborn LE

Players

IIIIIIIIIIII

  • Race: Zerg Zerg
  • League: Grandmaster
  • Spawn Location: 5:00

Nzs - Winner!

  • Race: Protoss Protoss
  • League: Grandmaster
  • Spawn Location: 11:00

VOD

Have the link to the VOD?

Description

Time

  • Played on: Sept. 22, 2024, 2:45 a.m.
  • Length: 7:39
Show
View Real Time Build Order
Export as new Build Order

IIIIIIIIIIII Zerg 

Build Orders: Hatch First 

Get SALT Encoding   

  12  0:00  Drone  
  13  0:09  Drone  
  14  0:14  Extractor  
  14  0:15  Drone  
  15  0:24  Overlord  
  15  0:43  Drone  
  15  0:48  Hatchery  
  15  0:52  Drone  
  15  0:55  Drone  
  17  0:59  Drone  
  18  1:11  Extractor  
  17  1:14  Spawning Pool  
  17  1:16  Drone  
  17  1:21  Drone  
  18  1:26  Drone  
  19  1:38  Drone  
  20  1:49  Overlord  
  20  2:03  Queen x2  
  20  2:04  Zergling x4  
  26  2:12  Drone x2  
  28  2:15  Metabolic Boost  
  28  2:21  Drone  
  28  2:22  Drone  
  30  2:35  Hatchery  
  29  2:38  Drone  
  29  2:39  Drone  
  31  2:46  Queen  
  31  2:51  Overlord  
  33  2:55  Overlord  
  33  3:06  Overlord  
  33  3:08  Queen  
  35  3:13  Drone x2  
  35  3:14  Drone  
  35  3:15  Drone  
  35  3:17  Drone  
  35  3:19  Drone  
  41  3:20  Drone  
  41  3:26  Queen  
  44  3:28  Drone  
  44  3:30  Drone  
  46  3:42  Roach Warren  
  46  3:44  Overlord  
  45  3:49  Drone x4  
  45  3:50  Drone  
  45  3:51  Drone  
  51  4:04  Extractor, Queen  
  51  4:05  Overlord  
  51  4:07  Zergling x8  
  51  4:09  Zergling x2  
  57  4:15  Spore Crawler  
  56  4:22  Spine Crawler  
  55  4:29  Roach x6  
  68  4:36  Spine Crawler  
  67  4:39  Roach x2  
  71  4:50  Roach x2, Zergling x2  
  71  4:52  Overlord  
  69  5:02  Zergling x10  
  69  5:03  Overlord  
  74  5:09  Queen  
  74  5:10  Queen  
  78  5:18  Zergling x8  
  82  5:22  Overlord  
  79  5:36  Drone x4  
  79  5:37  Drone x3  
  86  5:55  Extractor  
  85  5:59  Drone x8  
  85  6:00  Overlord  
  85  6:02  Lair  
  93  6:04  Extractor  
  92  6:15  Drone x3  
  93  6:23  Overlord  
  93  6:27  Roach x6, Zergling x2  
  93  6:29  Spine Crawler  
  105  6:36  Overlord  
  105  6:37  Overlord  
  105  6:44  Roach x4  
  113  6:55  Roach x7  
  125  7:08  Roach x5  
  104  7:16  Roach x5  
  104  7:21  Zergling x6  
Show
View Real Time Build Order
Export as new Build Order

Nzs Protoss - Winner!

Build Orders: 1 Gate Expand, Chargelot Immortal 

Get SALT Encoding   

  12  0:00  Probe  
  13  0:12  Probe  
  14  0:19  Pylon  
  14  0:24  Probe  
  15  0:37  Gateway, Probe (Chrono Boost)  
  16  0:47  Assimilator  
  16  0:48  Probe (Chrono Boost)  
  17  0:53  Probe (Chrono Boost)  
  18  1:03  Probe  
  19  1:15  Probe  
  20  1:25  Nexus  
  20  1:36  Cybernetics Core  
  20  1:39  Probe  
  21  1:48  Pylon  
  21  1:51  Probe  
  22  2:03  Probe  
  23  2:09  Stalker (Chrono Boost)  
  23  2:15  Probe  
  26  2:17  Robotics Facility  
  26  2:26  Warp Gate  
  26  2:27  Probe (Chrono Boost)  
  27  2:33  Zealot  
  29  2:38  Probe (Chrono Boost)  
  31  2:45  Probe (Chrono Boost)  
  31  2:48  Probe (Chrono Boost)  
  32  2:52  Probe (Chrono Boost)  
  32  2:53  Probe (Chrono Boost)  
  34  2:58  Gateway  
  34  3:03  Immortal (Chrono Boost)  
  34  3:04  Probe  
  34  3:05  Probe  
  40  3:18  Gateway  
  40  3:19  Gateway  
  40  3:22  Pylon  
  40  3:31  Warp Prism (Chrono Boost)  
  42  3:37  Probe x2  
  42  3:38  Assimilator  
  44  3:49  Probe  
  44  3:51  Probe, Pylon  
  46  4:09  Twilight Council  
  46  4:15  Pylon  
  46  4:19  Zealot x3  
  46  4:20  Zealot  
  54  4:28  Pylon  
  54  4:30  Immortal (Chrono Boost)  
  58  4:44  Zealot x3  
  58  4:45  Zealot  
  66  4:50  Charge (Chrono Boost)  
  52  5:08  Gateway x2  
  52  5:11  Immortal (Chrono Boost)  
  52  5:12  Gateway  
  56  5:14  Gateway  
  56  5:16  Pylon  
  56  5:19  Pylon  
  56  5:20  Zealot x2  
  60  5:35  Zealot x2  
  64  5:41  Immortal (Chrono Boost)  
  68  5:47  Pylon x2  
  68  5:59  Zealot x4  
  76  6:21  Zealot x8  
  92  6:26  Pylon  
  92  6:32  Pylon  
  92  6:33  Pylon  
  92  6:41  Zealot x3  
  98  7:03  Zealot x4  
  98  7:04  Zealot x3  
  74  7:24  Zealot x6  
Tags
 
Add a new tag
Caveats
  • Supply blocks, unpowered buildings, or Contaminate may cause inaccurate times.
  • Supply counts are checked every 10 seconds.